 Dungeon Crawl Stone Soup version 0.28-a0-413-gde365fb1df (webtiles) character file.

Game seed: 12440826650227051519

44 aSlayers the Poker (level 3, -1/29 HPs)
             Began as a Human Cinder Acolyte on Sept 7, 2021.
             Was an Elder of Ignis.
             Slain by a gnoll (2 damage)
             ... on level 4 of the Dungeon.
             The game lasted 00:06:06 (2320 turns).

aSlayers the Poker (Human Cinder Acolyte)           Turns: 2320, Time: 00:06:06

Health: -1/29      AC:  9    Str: 15    XL:     3   Next: 87%
Magic:  4/4        EV:  8    Int: 14    God:    Ignis [****..]
Gold:   77         SH:  0    Dex:  8    Spells: 4/4 levels left

rFire   . . .      SeeInvis .   a - -1 spear (venom)
rCold   + + .      Faith    .   (no shield)
rNeg    . . .      Spirit   .   e - +0 ice dragon scales
rPois   .          Reflect  .   (no helmet)
rElec   .          Harm     .   (no cloak)
rCorr   .          Rampage  .   (no gloves)
Will    .....                   (no boots)
Stlth   ..........              (no amulet)
HPRegen 0.09/turn               (no ring)
MPRegen 0.09/turn               (no ring)

@: silenced
A: no striking features
a: Renounce Religion


You were on level 4 of the Dungeon.
You worshipped Ignis.
Ignis was greatly pleased with you.
You visited 1 branch of the dungeon, and saw 4 of its levels.

You collected 77 gold pieces.

Inventory:

Hand Weapons
 a - a -1 spear of venom (weapon)
Armour
 b - a +0 robe
 e - +0 ice dragon scales (worn)
Jewellery
 g - a ring of ice
Scrolls
 f - 2 scrolls of identify
Potions
 d - a potion of resistance
 h - a potion of heal wounds {unknown}


   Skills:
 + Level 3.5 Fighting
 + Level 3.6 Polearms
 + Level 0.6 Dodging
 + Level 0.2 Stealth
 + Level 1.0 Spellcasting
 + Level 3.2 Fire Magic


You had 4 spell levels left.
You didn't know any spells.
Your spell library contained the following spells:

 Spells                   Type           Power      Damage    Failure   Level
 Scorch                   Fire           18%        2d5       50%         2


Dungeon Overview and Level Annotations

Branches:
Dungeon (3/15)

Altars:

Shops:
D:1 *


Message History

Magic scrolls do not work when you're silenced!
You reach to attack!
Your ice dragon scales prevents you from hitting the gnoll.
The gnoll hits you from afar with a +0 spear.
You reach to attack!
You hit the gnoll.
The gnoll is poisoned.
The gnoll is moderately wounded.
The gnoll hits you from afar with a +0 spear.
You reach to attack!
You closely miss the gnoll.
The gnoll is moderately wounded.
The gnoll hits you from afar with a +0 spear.
You are too injured to fight recklessly!
There are monsters nearby!
Magic scrolls do not work when you're silenced!
Magic scrolls do not work when you're silenced!
Okay, then.
Unknown command.
The gnoll hits you but does no damage. The gnoll barely misses you.
The gnoll barely misses you.
The gnoll hits you but does no damage. x2
The gnoll hits you from afar with a +0 spear.
The gnoll barely misses you.
The gnoll hits you from afar with a +0 spear.
* * * LOW HITPOINT WARNING * * *
The gnoll completely misses you. The gnoll hits you with a +0 flail.
* * * LOW HITPOINT WARNING * * *
The gnoll closely misses you.
The gnoll hits you from afar with a +0 spear.
* * * LOW HITPOINT WARNING * * *
Really walk into that cloud of flame? [Y]es or [N]o only, please.
Really walk into that cloud of flame? [Y]es or [N]o only, please.
Really walk into that cloud of flame?
Okay, then.
You closely miss the gnoll. The gnoll hits you with a +0 flail.
* * * LOW HITPOINT WARNING * * *
The gnoll hits you from afar with a +0 spear.
You die...

**,**,,****+***,,******,
****,.####.,**+*******,
*,,..°..,,,.,,,,,,>,,
*,,..§°,,,☼.,,,,,,,,,
*,,#.○#*,.#*+*****,,,
**##O.##°°#*,,,******
#gg☼..☼.#,,,,,*,,,,
#○.g.°.○#,,,,,*,,,,
#.@○....#,,,,,+,,,,
**********######.##*,****,,**
*,,,,*,,*,,*,***,***,****,,**
*,,,,,,,,*,,,,+,,,,,,,,,,,,*,
*,,,,,,,,+,<,,*,,,,,,,,,,,,*,
*,,,,,,,,*,,,,*,,,,,,,,,,,,+,
*,,,**,,**,****,***,***,**,**
*,,,******,****,**********+**
*,,,,,,,,,,,,,,,*,,,,,,,,,,,,


You could see an ogre and 3 gnolls.

Vanquished Creatures
  2 worms (D:2)
  3 ball pythons
  2 endoplasms (D:1)
  3 giant cockroaches
  4 goblins
  3 hobgoblins
  2 jackals (D:2)
  8 kobolds
  2 quokkas
  2 bats
  A frilled lizard (D:1)
  A rat (D:1)
33 creatures vanquished.

Vanquished Creatures (others)
  2 plants (D:3)
2 creatures vanquished.

Grand Total: 35 creatures vanquished

Notes
Turn   | Place    | Note
-------+----------+-------------------------------------------
     0 | D:1      | aSlayers the Human Cinder Acolyte began the quest for the
                  | Orb.
     0 | D:1      | Reached XP level 1. HP: 18/18 MP: 2/2
    76 | D:1      | Found Qufaid's General Store.
   209 | D:1      | Reached XP level 2. HP: 20/24 MP: 3/3
  1182 | D:2      | Reached XP level 3. HP: 18/29 MP: 4/4
  1331 | D:1      | You fall into a shaft and drop 1 floor!
  1331 | D:2      | Found a faded altar of an unknown god.
  1350 | D:2      | HP: 1/29 [bat (1)]
  2302 | D:2      | You fall into a shaft and drop 2 floors!
  2302 | D:4      | Noticed an ogre
  2320 | D:4      | HP: 1/29 [gnoll (1)]
  2320 | D:4      | Slain by a gnoll

Illustrated notes

Levels and vault maps discovered:
D:1:      scummos_arrival_star, layout_loops_ring, serial_shops, shop
D:2:      minmay_general_purpose_star, layout_loops_corners,
          shapermc_ecumenical_altar_starsandcircs, serial_shops, shop,
          basic_altar, hangedman_decor_clover_reticule, uniq_crazy_yiuf_cottage
D:3:      layout_loops_ring, nrook_mini_vaults, serial_bayou_lake_a,
          uniq_sigmund
D:4:      layout_gridville, mainiacjoe_overflow_alcove_2, grunt_ministairs_14

Action                   || total
-------------------------++-------
Melee: Spear             ||   152
Invok: Sea of Fire       ||     3
       Rising Flame      ||     1
  Use: Scroll            ||     7
       Potion            ||     1
Armor: Robe              ||    38
       Ice dragon scales ||    11
Dodge: Dodged            ||    81

Table legend: (Time is in decaauts)
 A = Elapsed time spent in this place.
 B = Non-inter-level travel time spent in this place.
 C = Inter-level travel time spent in this place.
 D = Time resting spent in this place.
 E = Time spent auto-exploring this place.
 F = Levels seen in this place.
 G = Mean time per level.
                   A        B        C        D        E       F      G
               +--------+--------+--------+--------+--------+-----+--------+
         Total |   2313 |   2313 |      0 |      0 |   1875 |   4 |  578.2 |
       Dungeon |   2313 |   2313 |      0 |      0 |   1875 |   4 |  578.2 |
               +--------+--------+--------+--------+--------+-----+--------+

Top non-repeatable levels by time:
     D:2: 1137 daAuts
     D:1: 1103 daAuts
     D:3: 54 daAuts
     D:4: 17 daAuts
